 Dungeon Crawl Stone Soup version 0.24-a0-545-gd1b266bae6 (webtiles) character file.

Game seed: 16308015612114137437

3273 Gargoyl the Chopper (level 9, -1/74 HPs)
             Began as a Centaur Abyssal Knight on Aug 18, 2019.
             Was an Elder of Lugonu.
             Slain by an orc warrior
             ... wielding a +0 dire flail
              (13 damage)
             ... on level 7 of the Dungeon.
             The game lasted 00:13:12 (8582 turns).

Gargoyl the Chopper (Centaur Abyssal Knight)        Turns: 8582, Time: 00:13:13

Health: -1/74      AC: 20    Str: 17    XL:     9   Next: 68%
Magic:  13/13      EV:  4    Int: 11    God:    Lugonu [****..]
Gold:   323        SH:  0    Dex: 10    Spells: 8/8 levels left

rFire    . . .     SeeInvis +   a - +1 hand axe
rCold    . . .     Gourm    .   (no shield)
rNeg     . . .     Faith    .   d - +1 chain mail
rPois    .         Spirit   .   g - +1 helmet
rElec    .         Reflect  .   h - +0 cloak
rCorr    .         Harm     .   (no gloves)
MR       .....                  r - +0 centaur barding
Stlth    ..........             (no amulet)
HPRegen  0.62/turn              j - ring of see invisible
MPRegen  0.13/turn              (no ring)

@: drained, very quick
A: large, hooves 3, thin metallic scales 1, deformed body, speed 2, regeneration
1, tough skin 3, no potion heal 1
a: Depart the Abyss, Bend Space, Banish, Corrupt, Renounce Religion


You were on level 7 of the Dungeon.
You worshipped Lugonu.
Lugonu was greatly pleased with you.
You were not hungry.

You visited 1 branch of the dungeon, and saw 8 of its levels.
You visited the Abyss 1 time.

You collected 323 gold pieces.

Inventory:

Hand Weapons
 a - a +1 hand axe (weapon)
Missiles
 n - 3 boomerangs (quivered)
Armour
 d - a +1 chain mail (worn)
 g - a +1 helmet (worn)
 h - a +0 cloak (worn)
 r - a +0 centaur barding (worn)
Jewellery
 j - a ring of see invisible (left hand)
Wands
 k - a wand of polymorph (12)
 l - a wand of acid (10)
 m - a wand of flame (13)
Scrolls
 e - 2 scrolls of fog
 o - 6 scrolls of remove curse
 s - a scroll of magic mapping
Potions
 b - a potion of resistance
 f - a potion of heal wounds {unknown}
 i - a potion of invisibility {unknown}
 p - a potion of haste {unknown}
 q - a potion of cancellation {unknown}
 t - a potion of lignification {unknown}
Comestibles
 c - 18 rations


   Skills:
 + Level 5.3(4.6) Fighting
 + Level 6.8(6.0) Axes
 + Level 1.0(0.4) Throwing
 * Level 6.2(5.5) Armour
 * Level 3.7(3.0) Dodging
 * Level 5.7(5.0) Invocations


You had 8 spell levels left.
You didn't know any spells.
Your spell library contained the following spells:

 Spells                   Type           Power        Failure   Level  Hunger
 Confusing Touch          Hex            #.....       99%         1    ##.....
 Summon Small Mammal      Summ           #...         99%         1    ##.....
 Call Imp                 Summ           #.......     100%        2    ###....
 Call Canine Familiar     Summ           #.......     100%        3    ####...
 Confuse                  Hex            #.......     100%        3    ####...
 Gell's Gravitas          Tloc           #.........   100%        3    ####...
 Summon Guardian Golem    Hex/Summ       #.......     100%        3    ####...
 Petrify                  Tmut/Erth      #.......     100%        4    #####..
 Summon Ice Beast         Ice/Summ       #.......     100%        4    #####..
 Summon Lightning Spire   Summ/Air       #.......     100%        4    #####..
 Metabolic Englaciation   Hex/Ice        #.........   100%        5    ######.
 Yara's Violent Unravell  Hex/Tmut       #.........   100%        5    ######.


Dungeon Overview and Level Annotations

Branches:
Dungeon (8/15)             Temple (0/1) D:6
   Lair: D:8-11

Altars:
Ashenzari
Cheibriados
Dithmenos
Elyvilon
Nemelex Xobeh
Qazlal
Ru
Sif Muna
Xom
The Shining One

Shops:
D:7 =

Annotations:
D:8 Harold


Innate Abilities, Weirdness & Mutations

You have hooves in place of feet.
Armour fits poorly on your strangely shaped body.
You cover ground very quickly.
You have extremely tough skin. (AC +3)
You are partially covered in thin metallic scales. (AC +2)
Your natural rate of healing is unusually fast.
Potions are less effective at restoring your health.


Message History

Unknown command.
You hit the orc warrior but do no damage.
The orc warrior is heavily wounded.
You closely miss the sky beast. You miss the wolf. The wolf bites you.
The orc warrior hits you with a +0 dire flail.
The wolf bites you but does no damage. The sky beast barely misses you.
You hit the wolf but do no damage.
The wolf is almost dead.
You miss the sky beast.
You hit the orc warrior but do no damage.
The wolf bites you but does no damage.
The orc warrior hits you with a +0 dire flail!
* * * LOW HITPOINT WARNING * * *
The sky beast hits you but does no damage.
You closely miss the wolf. Your kick misses the wolf.
The wolf is almost dead.
You hit the sky beast. You hit the orc warrior.
The wolf bites you but does no damage. x2
The orc warrior hits you with a +0 dire flail!
You die...

#..................#.....
#................#.......
#........................
#................###.#...
#......[.............#...
##...............#####...
#...............#####...
#.....Yh)...(...#.....#.
#.....o@).....###.###...
#.......[[(.......###...
#.........###...........
##......)..##..###.......
#.....########'###.......
#..........#♣♣..♣#.......
##.........#♣.♣.♣#.......
#..........#...♣.#.......
##.#########♣.♣.♣#.......


You could see an orc warrior, a sky beast and a wolf.

Vanquished Creatures
  A spriggan (D:7)
  Sigmund (D:5)
  A wyvern (D:7)
  Eustachio (D:6)
  Menkaure (D:6)
  An ice beast (D:6)
  A sky beast (D:6)
  A phantom (D:4)
  6 ogres
  3 centaurs
  Blork the orc (D:6)
  3 bullfrogs
  A big kobold (D:7)
  A wyvern zombie (D:7)
  3 scorpions
  5 wights
  2 crimson imps
  A bullfrog zombie (D:5)
  3 hounds
  4 orc wizards
  2 orc priests (D:6)
  A jelly (D:6)
  2 iguanas (D:6)
  4 worker ants
  A hound zombie (D:6)
  A hound skeleton (D:4)
  Robin (D:2)
  2 howler monkey skeletons
  12 adders
  A shadow imp (D:5)
  An ooze (D:4)
  6 worms
  2 dart slugs
  6 leopard geckos
  15 orcs
  10 bats
  4 giant cockroaches
  17 goblins
  6 hobgoblins
  7 jackals
  8 kobolds
  2 quokkas
  6 frilled lizards
  A quokka skeleton (D:4)
  4 rats
163 creatures vanquished.

Notes
Turn   | Place    | Note
-------+----------+-------------------------------------------
     0 | Abyss:1  | Gargoyl the Centaur Abyssal Knight began the quest for the
                  | Orb.
     0 | Abyss:1  | Reached XP level 1. HP: 19/19 MP: 2/2
     6 | Abyss:1  | Noticed a raiju
     6 | Abyss:1  | Noticed a hellwing
    23 | Abyss:1  | Found a corrupted altar of Lugonu.
    39 | D:1      | Escaped the Abyss
   316 | D:1      | Reached XP level 2. HP: 21/26 MP: 3/3
   341 | D:1      | Reached * piety under Lugonu
   925 | D:2      | Reached skill level 1 in Dodging
   949 | D:2      | Reached XP level 3. HP: 23/31 MP: 4/4
  1209 | D:2      | Found a shattered altar of Ashenzari.
  1341 | D:2      | You fall into a shaft and drop 2 floors!
  1347 | D:4      | Reached XP level 4. HP: 34/38 MP: 5/5
  1419 | D:2      | Noticed Robin
  1670 | D:2      | Found a glowing golden altar of the Shining One.
  1753 | D:2      | Killed Robin
  1753 | D:2      | Reached XP level 5. HP: 24/46 MP: 7/7
  1755 | D:2      | Reached ** piety under Lugonu
  2198 | D:3      | Found a shadowy altar of Dithmenos.
  2198 | D:3      | Found a sacrificial altar of Ru.
  2198 | D:3      | Found a white marble altar of Elyvilon.
  2836 | D:3      | Found a shimmering altar of Xom.
  2843 | D:3      | Found a stormy altar of Qazlal.
  3150 | D:4      | Reached XP level 6. HP: 23/52 MP: 8/8
  3383 | D:4      | Found a snail-covered altar of Cheibriados.
  3439 | D:4      | Found a shimmering blue altar of Sif Muna.
  3768 | D:5      | Entered Level 5 of the Dungeon
  3907 | D:5      | Noticed Sigmund
  3924 | D:5      | Killed Sigmund
  3924 | D:5      | Reached XP level 7. HP: 42/59 MP: 9/9
  4026 | D:5      | Reached *** piety under Lugonu
  5092 | D:5      | Gained mutation: You are dopey. (Int -2) [potion of
                  | mutation]
  5092 | D:5      | Gained mutation: You have a somewhat thin skeletal
                  | structure. (Dex +2, Stealth) [potion of mutation]
  5092 | D:5      | Gained mutation: You evolve. [potion of mutation]
  5322 | D:5      | Lost mutation: You are dopey. (Int -2) [evolution]
  5336 | D:6      | Noticed Menkaure
  5347 | D:6      | Killed Menkaure
  5347 | D:6      | Reached XP level 8. HP: 40/67 MP: 11/11
  5648 | D:6      | Reached skill level 5 in Axes
  6206 | D:6      | Found a staircase to the Ecumenical Temple.
  6206 | D:6      | Noticed Eustachio
  6252 | D:6      | Killed Eustachio
  6252 | D:6      | Reached skill level 5 in Armour
  6252 | D:6      | Reached skill level 5 in Invocations
  6491 | D:6      | Noticed Blork the orc
  6513 | D:6      | Killed Blork the orc
  6719 | D:6      | Found a sparkling altar of Nemelex Xobeh.
  6847 | D:6      | Reached XP level 9. HP: 39/73 MP: 12/12
  7044 | D:7      | Reached skill level 5 in Fighting
  7044 | D:7      | Reached skill level 1 in Throwing
  7582 | D:7      | Reached **** piety under Lugonu
  7823 | D:7      | Lost mutation: You evolve. [potion of mutation]
  7823 | D:7      | Lost mutation: You have a somewhat thin skeletal structure.
                  | (Dex +2, Stealth) [potion of mutation]
  7823 | D:7      | Gained mutation: Potions are less effective at restoring
                  | your health. [potion of mutation]
  7823 | D:7      | Gained mutation: You are partially covered in thin metallic
                  | scales. (AC +2) [potion of mutation]
  7823 | D:7      | Gained mutation: Your natural rate of healing is unusually
                  | fast. [potion of mutation]
  7998 | D:7      | Found Suast's Jewellery Shoppe.
  8159 | D:8      | Noticed Harold
  8582 | D:7      | Slain by an orc warrior

Levels and vault maps discovered:
D:1:      lightli_arrival_statuegarden, layout_basic
D:2:      layout_rooms, ashenzari_conservatory_becter, tso_metal_star,
          uniq_robin
D:3:      layout_rooms, minitemple, gammafunk_temple_overflow_forgotten,
          portal_sewer_entry_e, first_ration
D:4:      layout_rooms, lemuel_blue_sif_altar, cheibriados_altar_1,
          enter_ossuary_5, kennysheep_cluttered_room
D:5:      layout_rooms, uniq_sigmund
D:6:      layout_rooms, nicolae_overflow_hidden_temple, temple_fountains,
          minmay_misc_feat_x, uniq_blork_the_orc, uniq_menkaure, uniq_eustachio
D:7:      layout_rooms, serial_shops, nicolae_shop_window_shopping, the_bakery,
          chequers_arboretum
D:8:      layout_gridville, serial_glass, glass_columns_a, glass_columns_b,
          minmay_bent, uniq_joseph, uniq_grum, uniq_harold

Skill      XL: |  1  2  3  4  5  6  7  8  9 |
---------------+----------------------------+-----
Dodging        | 1 2 3 |  3.7
Axes           | 2 3 4 6 |  6.8
Armour         | 2 3 4 5 6 |  6.2
Invocations    | 3 4 5 |  5.7
Fighting       | 4 5 |  5.3
Throwing       | 1 |  1.0

Action                   |  1- 3 |  4- 6 |  7- 9 || total
-------------------------+-------+-------+-------++-------
Melee: Hand axe          |   109 |   216 |   442 ||   767
       Kick              |    19 |    43 |   104 ||   166
Throw: Boomerang         |       |     6 |    10 ||    16
Invok: Depart the Abyss  |     1 |       |       ||     1
       Bend Space        |       |       |     3 ||     3
  Use: Scroll            |     6 |     3 |     4 ||    13
       Potion            |       |       |     5 ||     5
  Eat: Chunk             |       |     7 |    15 ||    22
Armor: Chain mail        |   135 |   260 |   547 ||   942
Dodge: Dodged            |    42 |    77 |   144 ||   263

Table legend:
 A = Non-vault XP
 B = Vault XP
 C = Vault XP percentage of total XP
 D = Non-vault monster count
 E = Vault monster count
 F = Vault count percentage of total count
                 A         B        C        D         E       F
            +---------+---------+-------+---------+---------+-------
      Total |    3286 |    1390 |  29.7 |     140 |      23 |  14.1
            +---------+---------+-------+---------+---------+-------
        D:1 |      25 |       0 |   0.0 |      12 |       0 |   0.0
        D:2 |      72 |      37 |  33.9 |      26 |      12 |  31.6
        D:3 |     105 |       0 |   0.0 |      20 |       0 |   0.0
        D:4 |     394 |       0 |   0.0 |      13 |       0 |   0.0
        D:5 |     492 |     220 |  30.9 |      18 |       1 |   5.3
        D:6 |    1206 |     901 |  42.8 |      22 |       8 |  26.7
        D:7 |     992 |     232 |  19.0 |      29 |       2 |   6.5
            +---------+---------+-------+---------+---------+-------
